AoeStats
← Nachin

Arabia

509775322Analyzed
2v2 RM · 6d ago on Sep 28, 2026· 79m 52s· 4 players
Game mode
Random Map
Map size
Medium (4 player)
Population
200
Speed
Normal
Resources
Standard
Victory
Conquest
Starting age
Dark Age
Ending age
Imperial Age
RankedLock teamsTeams togetherTeam positionsShared explorationLock speedFull tech treeHidden civsTurbo modeCheats
Victory
Defeat
🇺🇾 Huns · Uruguay
1225
+17
🇺🇾 Varangians · Uruguay
1193
+19
🇦🇷 Persians · Argentina
1323
-21
🇦🇷 Ethiopians · Argentina
1179
-15
Nachin
7:07 Loom
10:05 Feudal Age
11:54 Wheelbarrow
11:06 Double-Bit Axe
11:02 Horse Collar
11:07 Man-at-Arms
13:51 Scale Mail Armor
21:14 Castle Age
20:07 Bloodlines
22:48 Scale Barding Armor
27:41 Forging
27:59 Fletching
29:52 Squires
31:36 Chain Mail Armor
31:18 Gambesons
35:23 Iron Casting
35:50 Husbandry
36:12 Chain Barding Armor
38:57 Town Watch
39:28 Hand Cart
39:12 Bodkin Arrow
41:56 Imperial Age
41:05 Bow Saw
41:43 Ballistics
44:00 Blast Furnace
45:14 Arson
46:09 Plate Mail Armor
46:32 Conscription
48:04 Plate Barding Armor
47:26 Long Swordsman
48:19 Heavy Plow
49:46 Bodkin Arrow
51:59 Gothikon
52:51 Elite Varangian Guard
61:32 Town Patrol
62:24 Pikeman
65:33 Bracer
65:49 Halberdier
67:48 Light Cavalry
74:51 Padded Archer Armor
74:40 Elite Skirmisher
75:59 Caravan
77:31 Bracer
TinFit
5:41 Loom
7:20 Loom
9:35 Feudal Age
10:29 Double-Bit Axe
21:27 Fletching
21:38 Padded Archer Armor
23:57 Castle Age
22:34 Fletching
23:36 Padded Archer Armor
23:33 Horse Collar
25:39 Bodkin Arrow
26:03 Bow Saw
26:12 Husbandry
26:58 Gold Mining
28:46 Leather Archer Armor
29:31 Bloodlines
31:26 Wheelbarrow
30:53 Heavy Plow
34:58 Stone Mining
35:49 Ballistics
38:33 Thumb Ring
44:42 Scale Barding Armor
46:12 Gold Shaft Mining
46:32 Chain Barding Armor
46:22 Forging
48:56 Imperial Age
50:14 Parthian Tactics
49:09 Heavy Cavalry Archer
49:51 Bracer
51:25 Chemistry
52:05 Plate Barding Armor
51:25 Light Cavalry
52:42 Iron Casting
55:11 Blast Furnace
57:29 Hussar
59:56 Two-Man Saw
60:28 Town Watch
63:12 Hand Cart
64:07 Conscription
[GdSur] Mr.Chispa
6:26 Loom
8:59 Feudal Age
11:57 Double-Bit Axe
15:58 Scale Barding Armor
24:30 Castle Age
23:48 Bloodlines
23:49 Forging
23:27 Horse Collar
25:21 Heavy Plow
25:32 Bow Saw
27:31 Husbandry
27:25 Gold Mining
41:14 Wheelbarrow
43:51 Imperial Age
41:31 Fletching
42:29 Gold Shaft Mining
41:37 Light Cavalry
42:18 Bodkin Arrow
42:48 Ballistics
42:34 Town Watch
43:52 Hand Cart
43:58 Kamandaran
43:38 Crossbowman
44:22 Padded Archer Armor
45:24 Chemistry
45:31 Chain Barding Armor
45:43 Masonry
45:58 Conscription
47:08 Plate Barding Armor
46:54 Thumb Ring
46:35 Cavalier
49:57 Leather Archer Armor
55:18 Iron Casting
55:20 Architecture
57:23 Savar
59:05 Blast Furnace
68:39 Citadels
73:15 Two-Man Saw
72:07 Stone Mining
72:50 Crop Rotation
73:39 Caravan
78:11 Ring Archer Armor
Esca
6:44 Loom
9:55 Feudal Age
11:47 Town Watch
20:22 Fletching
26:21 Castle Age
25:04 Double-Bit Axe
26:20 Padded Archer Armor
26:29 Scale Mail Armor
26:25 Crossbowman
27:11 Bodkin Arrow
36:38 Ballistics
37:43 Wheelbarrow
39:09 Town Patrol
40:23 Thumb Ring
48:17 Imperial Age
47:50 Masonry
50:30 Arbalester
52:10 Bracer
56:10 Forging
58:33 Conscription
58:25 Scale Mail Armor
59:56 Leather Archer Armor
59:03 Elite Skirmisher
61:29 Chain Mail Armor
Connection lost

Rejoining the realm…

Still unreachable

The connection could not be restored.

Session expired

The server has moved on; the page needs a fresh start.